 Dungeon Crawl Stone Soup version 0.29.0 (webtiles) character file.

Game seed: 40612623940197429

647 mezmerelda the Chopper (level 7, -3/63 HPs)
             Began as a Minotaur Berserker on Sept 5, 2022.
             Was a Priest of Trog.
             Splashed by a jelly's acid (9 damage)
             ... on level 4 of the Dungeon on Sept 6, 2022.
             The game lasted 00:22:12 (4569 turns).

mezmerelda the Chopper (Minotaur Berserker)         Turns: 4569, Time: 00:22:12

Health: -3/63      AC:  2    Str: 24    XL:     7   Next: 27%
Magic:  8/8        EV: 10    Int: 10    God:    Trog [***...]
Gold:   163        SH:  2    Dex:  9    Spells: 6/6 levels left

rFire   + . .      SeeInvis .   a - +0 hand axe
rCold   . . .      Faith    .   u - +0 buckler
rNeg    . . .      Spirit   .   j - +2 ring mail {rF+}
rPois   .          Reflect  .   x - +1 hat
rElec   .          Harm     .   (no cloak)
rCorr   .          Rampage  .   (no gloves)
Will    .....                   v - +0 pair of boots
Stlth   ..........              (no amulet)
HPRegen 0.20/turn               r - +6 ring of intelligence
MPRegen 0.11/turn               (no ring)

@: mighty, corroded
A: horns 2, retaliatory headbutt
a: Renounce Religion, Berserk, Trog's Hand


You were on level 4 of the Dungeon.
You worshipped Trog.
Trog was most pleased with you.
You visited 1 branch of the dungeon, and saw 4 of its levels.

You collected 163 gold pieces.

Inventory:

Hand Weapons
 a - a +0 hand axe (weapon)
 b - a +0 sling
Missiles
 w - 5 poisoned darts (quivered)
Armour
 j - a +2 ring mail of fire resistance (worn)
 u - a +0 buckler (worn)
 v - a +0 pair of boots (worn)
 x - a +1 hat (worn)
Jewellery
 r - a +6 ring of intelligence (left hand)
Wands
 p - a wand of iceblast (1)
 s - a wand of mindburst (14)
Scrolls
 c - 5 scrolls of identify {unknown}
 d - a scroll of enchant weapon {unknown}
 h - a scroll of summoning {unknown}
 k - 2 scrolls of teleportation {unknown}
 n - a scroll of immolation {unknown}
 q - a scroll of magic mapping {unknown}
 t - a scroll of brand weapon {unknown}
Potions
 e - 2 potions of flight {unknown}
 f - a potion of attraction {unknown}
 g - 3 potions of might
 i - a potion of berserk rage {unknown}
 l - a potion of brilliance {unknown}
 m - a potion of curing {unknown}
 o - a potion of degeneration {unknown}


   Skills:
 - Level 6.0 Fighting
 + Level 7.4 Axes
 - Level 4.0 Armour
 - Level 2.1 Dodging
 - Level 3.0 Invocations


You had 6 spell levels left.
You didn't know any spells.
Your spell library was empty.

Dungeon Overview and Level Annotations

Branches:
Dungeon (4/15)
 Temple: D:4-7

Altars:
Sif Muna
The Shining One


Innate Abilities, Weirdness & Mutations

You have a pair of horns on your head.
You reflexively headbutt those who attack you in melee.


Message History

The orc shouts!
The orc drinks a potion.
The orc flickers and vanishes!
Deactivating autopickup; reactivate with Ctrl-A.
A jelly comes into view.
a - a +0 hand axe (weapon)
You completely miss the jelly. The jelly barely misses you.
The jelly hits you but does no damage.
You hit the jelly. The acid corrodes you!
Your hands burn!
The jelly is lightly wounded.
The jelly misses you. You furiously retaliate!
You headbutt the jelly, but do no damage.
You hit the jelly.
Your hands burn!
The jelly is lightly wounded.
The jelly closely misses you.
You hit the jelly but do no damage.
Your hands burn!
The jelly is lightly wounded.
The jelly hits you but does no damage.
You hit the jelly. The acid corrodes you!
Your hands burn!
The jelly is lightly wounded.
The jelly hits you. The acid corrodes you!
You are splashed with acid!
You hit the jelly but do no damage.
Your hands burn!
The jelly is lightly wounded.
The jelly closely misses you.
You completely miss the jelly.
The jelly is lightly wounded.
The jelly hits you but does no damage.
You hit the jelly.
Your hands burn!
You headbutt the jelly.
The jelly is moderately wounded.
The jelly hits you.
You are splashed with acid!
The jelly attacks as you move away! The jelly hits you.
You are splashed with acid!
* * * LOW HITPOINT WARNING * * *
The jelly attacks as you move away! The jelly closely misses you.
You furiously retaliate!
You headbutt the jelly.
It was a potion of might.
You feel very mighty all of a sudden. The jelly hits you.
* * * LOW HITPOINT WARNING * * *
You are splashed with acid!
You die...

... .....#........#...... ##..
....##............... ##.
...###..# #.......####.#.. #
........#..####......# ##.#.# ##.
#.. #......###......###.....
...##.. #.....##...##.....#....#
.......###.....##...#............
................#..##..###.#.....
#.>....###..{J@..........##.)..
##.....###....#..........#..<..
##...........#.........#..##.. #
#...##....##..........#.)##.#
.####....#....####..............#
...............###.........##....
...........##..............#..###
..........##.............#....###
.........................#.##....


You could see a jelly.

Vanquished Creatures
  An ogre (D:4)
  4 hounds
  2 orc priests (D:4)
  3 iguanas (D:4)
  6 orc wizards
  4 adders
  A shadow imp (D:3)
  2 worms
  5 dart slugs
  16 orcs
  5 bats
  7 endoplasms
  4 giant cockroaches
  6 goblins
  7 hobgoblins
  3 jackals (D:4)
  4 quokkas
  4 ball pythons
  3 frilled lizards (D:1)
  6 kobolds
  10 rats
103 creatures vanquished.

Notes
Turn   | Place    | Note
-------+----------+-------------------------------------------
     0 | D:1      | mezmerelda the Minotaur Berserker began the quest for the
                  | Orb.
     0 | D:1      | Reached XP level 1. HP: 19/19 MP: 0/0
   229 | D:1      | Reached skill level 4 in Axes
   352 | D:1      | Reached XP level 2. HP: 26/26 MP: 1/1
   685 | D:1      | Reached skill level 5 in Axes
   792 | D:1      | Reached ** piety under Trog
  1050 | D:1      | Reached XP level 3. HP: 31/31 MP: 2/2
  1135 | D:2      | Found a faded altar of an unknown god.
  1694 | D:2      | You fall into a shaft and drop 2 floors!
  1710 | D:4      | Reached skill level 6 in Axes
  1710 | D:4      | Reached XP level 4. HP: 34/40 MP: 3/3
  1893 | D:4      | Noticed an ogre
  1909 | D:3      | Reached skill level 5 in Fighting
  1909 | D:3      | Reached XP level 5. HP: 23/48 MP: 4/4
  3015 | D:3      | Found a shimmering blue altar of Sif Muna.
  3099 | D:3      | Reached skill level 1 in Invocations
  3099 | D:3      | Reached XP level 6. HP: 54/57 MP: 5/5
  3435 | D:3      | Reached *** piety under Trog
  3910 | D:4      | Reached XP level 7. HP: 49/63 MP: 7/7
  4167 | D:4      | Reached skill level 7 in Axes
  4528 | D:4      | Found a glowing golden altar of the Shining One.
  4569 | D:4      | Splashed by a jelly's acid

Illustrated notes

Levels and vault maps discovered:
D:1:      beargit_arrival_diablo_church, layout_basic,
          nicolae_concentric_dashed_squares_wild, chequers_mini_garden
D:2:      layout_basic, serial_corexii_hall, corexii_hall_statues_l,
          chequers_hall_statues_y, corexii_hall_statues_i,
          ebering_ecumenical_altar_mist, chequers_serial_rivers_marsh,
          minmay_misc_feat_pillars
D:3:      layout_basic, kennysheep_orc_sif_temple, minmay_distorted
D:4:      minmay_thinvault, layout_cave_pools, tso_altar, dk_xom_monty_hall,
          mainiacjoe_overflow_tiny_flanked

Skill      XL: |  1  2  3  4  5  6  7 |
---------------+----------------------+-----
Axes           | 4 5 6 7 |  7.4
Fighting       | 5 6 |  6.0
Invocations    | 1 2 3 |  3.0
Armour         | 4 |  4.0
Dodging        | |  2.1

Action                   |  1- 3 |  4- 6 |  7- 9 || total
-------------------------+-------+-------+-------++-------
Melee: Hand axe          |    48 |   132 |    52 ||   232
       Headbutt          |     6 |    18 |     9 ||    33
       Punch             |       |     1 |       ||     1
 Fire: Sling             |    57 |    50 |    12 ||   119
Invok: Berserk           |       |     4 |     1 ||     5
       Trog's Hand       |       |     1 |       ||     1
  Use: Potion            |       |       |     1 ||     1
Armor: Animal skin       |     4 |       |       ||     4
       Scale mail        |     7 |     8 |       ||    15
       Ring mail         |       |    37 |    23 ||    60
Dodge: Dodged            |    32 |    50 |    22 ||   104
Block: Buckler           |       |     1 |     3 ||     4
